Map: Waterfall

Players

Rengen

  • Race: Protoss Protoss
  • Spawn Location: 7:00

BeNeFiT - Winner!

  • Race: Protoss Protoss
  • Spawn Location: 1:00

Event: DreamHack SC2 Masters 2022 Atlanta (Offline)

VOD

Have the link to the VOD?

Description

Time

  • Played on: Nov. 18, 2022, 2 p.m.
  • Length: 13:39

All games in this series

Show
View Real Time Build Order
Export as new Build Order

Rengen Protoss 

Build Orders:  

Get SALT Encoding   

  12  0:01  Probe  
  13  0:13  Probe  
  14  0:19  Pylon  
  14  0:26  Probe (Chrono Boost)  
  15  0:38  Probe (Chrono Boost)  
  15  0:39  Gateway  
  16  0:46  Probe (Chrono Boost)  
  16  0:47  Assimilator  
  17  0:52  Probe  
  18  1:04  Probe  
  18  1:06  Assimilator  
  18  1:08  Pylon  
  19  1:16  Probe  
  22  1:33  Cybernetics Core, Probe  
  24  1:52  Nexus  
  21  1:55  Probe  
  22  2:07  Probe  
  22  2:08  Stalker (Chrono Boost)  
  23  2:13  Warp Gate  
  25  2:19  Probe  
  26  2:30  Shield Battery  
  26  2:31  Probe  
  26  2:32  Stalker  
  29  2:40  Pylon  
  29  2:49  Pylon  
  29  2:54  Probe  
  29  2:56  Shield Battery  
  30  3:05  Pylon  
  30  3:07  Probe  
  30  3:10  Probe  
  32  3:15  Stalker  
  32  3:19  Probe  
  35  3:22  Probe  
  36  3:29  Twilight Council  
  36  3:31  Probe (Chrono Boost)  
  37  3:34  Probe (Chrono Boost)  
  38  3:43  Probe (Chrono Boost)  
  38  3:46  Probe (Chrono Boost)  
  38  3:51  Probe (Chrono Boost)  
  38  3:52  Probe (Chrono Boost)  
  40  3:56  Gateway  
  40  3:57  Probe, Gateway  
  40  4:00  Probe  
  42  4:06  Stalker  
  44  4:11  Probe (Chrono Boost), Blink (Chrono Boost)  
  44  4:15  Probe (Chrono Boost)  
  43  4:24  Probe (Chrono Boost)  
  45  4:25  Probe (Chrono Boost)  
  45  4:30  Pylon  
  45  4:31  Probe (Chrono Boost), Pylon  
  46  4:32  Sentry  
  46  4:34  Probe (Chrono Boost)  
  46  4:36  Probe (Chrono Boost)  
  50  4:44  Probe  
  51  4:53  Assimilator  
  51  4:55  Pylon  
  51  4:57  Nexus  
  51  4:59  Pylon  
  51  5:01  Sentry  
  51  5:06  Sentry  
  51  5:07  Stalker  
  57  5:11  Probe x2  
  59  5:22  Forge  
  59  5:25  Shield Battery  
  59  5:26  Stalker  
  59  5:27  Probe  
  59  5:28  Probe  
  63  5:37  Robotics Facility  
  63  5:39  Probe  
  63  5:40  Shield Battery, Probe  
  65  5:51  Probe  
  65  5:52  Gateway  
  65  5:53  Pylon  
  66  5:57  Gateway  
  66  5:58  Photon Cannon  
  66  6:00  Probe  
  66  6:01  Protoss Ground Weapons Level 1 (Chrono Boost)  
  66  6:03  Probe  
  69  6:12  Probe  
  69  6:16  Stalker  
  70  6:22  Stalker  
  70  6:25  Probe  
  72  6:32  Shield Battery, Probe  
  73  6:35  Observer (Chrono Boost)  
  73  6:38  Stalker  
  76  6:41  Probe  
  77  6:47  Stalker x2  
  77  6:52  Stalker  
  77  6:53  Stalker  
  85  7:01  Observer (Chrono Boost)  
  86  7:07  Pylon  
  85  7:10  Pylon  
  85  7:22  Nexus  
  85  7:24  Pylon  
  85  7:29  Robotics Bay  
  85  7:31  Probe  
  86  7:39  Gateway  
  86  7:40  Probe  
  86  7:41  Gateway  
  87  7:44  Shield Battery  
  87  7:45  Stalker x2  
  87  7:46  Stalker  
  87  7:51  Pylon  
  93  7:53  Probe  
  93  7:56  Stalker  
  96  7:59  Pylon  
  96  8:01  Probe  
  97  8:07  Pylon  
  97  8:10  Stalker x2  
  101  8:13  Disruptor (Chrono Boost), Probe  
  105  8:21  Probe  
  105  8:22  Shield Battery  
  106  8:29  Robotics Facility  
  106  8:34  Probe x2  
  107  8:43  Stalker x3  
  111  8:54  Stalker x2  
  111  8:55  Zealot x2  
  117  8:57  Disruptor (Chrono Boost)  
  120  9:10  Stalker x2  
  120  9:16  Pylon  
  120  9:18  Pylon  
  120  9:20  Photon Cannon  
  118  9:25  Probe  
  118  9:28  Pylon  
  119  9:31  Assimilator  
  119  9:33  Assimilator  
  119  9:34  Probe x2  
  119  9:38  Disruptor (Chrono Boost), Photon Cannon  
  121  9:43  Charge (Chrono Boost), Zealot  
  121  9:44  Probe  
  127  9:46  Probe  
  128  9:54  Photon Cannon  
  128  9:57  Photon Cannon, Stalker  
  128  9:59  Stalker  
  130  10:02  Assimilator  
  130  10:10  Nexus  
  130  10:12  Zealot  
  122  10:21  Disruptor  
  122  10:23  Stalker x3  
  127  10:30  Zealot  
  129  10:35  Disruptor (Chrono Boost)  
  129  10:40  Zealot  
  129  10:43  Zealot  
  129  10:44  Zealot  
  133  10:54  Disruptor (Chrono Boost)  
  132  11:02  Zealot  
  132  11:03  Zealot  
  132  11:04  Pylon  
  137  11:05  Stalker  
  137  11:07  Nexus  
  137  11:08  Disruptor (Chrono Boost)  
  137  11:09  Pylon  
  138  11:34  Nexus, Stalker x7  
  138  11:36  Shield Battery  
  152  11:40  Shield Battery  
  152  11:42  Photon Cannon  
  152  11:49  Photon Cannon  
  149  12:01  Disruptor (Chrono Boost)  
  149  12:04  Zealot  
  149  12:05  Zealot x6  
  149  12:06  Observer (Chrono Boost)  
  136  12:26  Zealot x7  
  120  12:53  Stalker x2  
  120  13:03  Photon Cannon  
  120  13:05  Photon Cannon  
  116  13:08  Photon Cannon  
  91  13:27  Stalker x2  
Show
View Real Time Build Order
Export as new Build Order

BeNeFiT Protoss - Winner!

Build Orders: Oracle Opening, Blink Stalkers, Zealot Archon 

Get SALT Encoding   

  12  0:00  Probe  
  13  0:12  Probe  
  14  0:19  Pylon  
  14  0:24  Probe  
  15  0:36  Probe (Chrono Boost)  
  15  0:38  Gateway  
  16  0:46  Probe (Chrono Boost)  
  16  0:47  Assimilator  
  17  0:51  Probe (Chrono Boost)  
  18  1:03  Probe  
  19  1:15  Probe  
  19  1:18  Pylon  
  20  1:19  Assimilator  
  20  1:25  Cybernetics Core  
  20  1:27  Probe (Chrono Boost)  
  21  1:39  Probe (Chrono Boost)  
  24  1:44  Probe (Chrono Boost)  
  25  1:53  Probe  
  26  2:04  Stargate  
  26  2:07  Adept (Chrono Boost)  
  26  2:24  Nexus  
  26  2:27  Warp Gate  
  26  2:30  Probe  
  27  2:42  Probe  
  28  2:48  Oracle  
  31  2:58  Pylon  
  31  3:04  Shield Battery  
  31  3:09  Stalker  
  31  3:16  Probe  
  31  3:18  Twilight Council  
  32  3:26  Gateway  
  32  3:32  Probe  
  33  3:36  Probe  
  33  3:39  Stalker  
  36  3:44  Probe  
  36  3:48  Blink (Chrono Boost)  
  37  3:49  Probe  
  38  3:56  Probe  
  38  4:01  Probe  
  40  4:08  Probe  
  43  4:13  Probe  
  42  4:17  Gateway  
  42  4:20  Probe, Stalker  
  42  4:22  Stalker  
  47  4:25  Probe  
  47  4:27  Pylon  
  48  4:33  Probe  
  48  4:37  Probe  
  50  4:43  Dark Shrine  
  50  4:45  Probe  
  51  4:49  Probe  
  51  4:51  Stalker  
  54  4:53  Assimilator  
  54  4:56  Stalker  
  54  4:57  Probe  
  57  5:01  Probe  
  58  5:09  Probe  
  59  5:14  Pylon  
  59  5:21  Probe  
  59  5:22  Nexus  
  59  5:23  Probe, Pylon  
  61  5:33  Probe  
  62  5:35  Probe  
  62  5:41  Stalker x2  
  67  5:44  Stalker, Pylon  
  67  5:45  Probe  
  67  5:48  Probe  
  67  5:49  Shield Battery  
  71  5:57  Probe  
  71  6:00  Probe  
  73  6:04  Forge  
  73  6:06  Robotics Facility  
  73  6:10  Probe  
  74  6:12  Pylon  
  74  6:13  Dark Templar  
  74  6:14  Dark Templar  
  74  6:15  Probe  
  79  6:22  Probe  
  79  6:25  Dark Templar  
  82  6:27  Probe  
  82  6:32  Gateway  
  83  6:34  Probe  
  83  6:38  Probe  
  83  6:39  Probe  
  86  6:40  Assimilator  
  86  6:46  Probe  
  83  6:48  Protoss Ground Weapons Level 1 (Chrono Boost)  
  83  6:50  Photon Cannon  
  83  6:52  Photon Cannon, Probe  
  84  6:56  Observer (Chrono Boost)  
  85  7:02  Stalker x2  
  85  7:07  Gateway  
  85  7:08  Gateway  
  89  7:09  Observer (Chrono Boost)  
  89  7:13  Assimilator  
  90  7:17  Probe x2  
  90  7:18  Gateway x2  
  90  7:19  Stalker  
  94  7:25  Pylon  
  94  7:27  Warp Prism (Chrono Boost), Probe, Pylon  
  94  7:29  Probe  
  96  7:34  Dark Templar  
  96  7:35  Probe  
  101  7:38  Dark Templar  
  101  7:39  Probe  
  101  7:41  Charge (Chrono Boost)  
  102  7:44  Archon  
  102  7:52  Stalker x2  
  106  8:00  Observer  
  106  8:01  Immortal  
  110  8:07  Nexus  
  110  8:08  Stalker  
  110  8:09  Pylon  
  112  8:15  Pylon  
  112  8:16  Zealot x2  
  112  8:19  Dark Templar  
  118  8:27  Zealot x4  
  118  8:30  Probe x2  
  118  8:33  Shield Battery  
  128  8:37  Zealot, Photon Cannon  
  127  8:49  Zealot x5  
  127  8:55  Dark Templar x2, Protoss Ground Weapons Level 2 (Chrono Boost)  
  141  9:04  Observer (Chrono Boost)  
  132  9:15  Zealot x2  
  132  9:16  Zealot x2  
  138  9:19  Immortal (Chrono Boost)  
  138  9:20  Archon  
  138  9:22  Dark Templar x2  
  142  9:25  Probe x2  
  144  9:35  Zealot x2  
  148  9:38  Gateway  
  148  9:41  Gateway  
  148  9:43  Pylon  
  148  9:46  Pylon  
  148  9:47  Dark Templar x2  
  148  9:48  Zealot  
  148  9:50  Pylon  
  148  9:51  Archon  
  154  9:53  Stalker  
  156  10:00  Photon Cannon  
  156  10:02  Probe  
  156  10:03  Assimilator  
  156  10:04  Assimilator  
  143  10:33  Zealot x7  
  143  10:34  Zealot x2  
  157  10:40  Zealot  
  149  10:43  Immortal (Chrono Boost)  
  149  10:49  Robotics Bay  
  147  10:57  Zealot x2  
  147  10:58  Zealot x7  
  161  11:10  Stalker  
  161  11:15  Gateway x2  
  131  11:32  Zealot x2  
  131  11:33  Zealot x8  
  131  11:36  Gravitic Boosters (Chrono Boost)  
  151  11:45  Nexus  
  151  11:46  Pylon  
  151  11:53  Shadow Stride (Chrono Boost), Dark Templar x7  
  151  11:54  Dark Templar  
  159  11:58  Zealot x2  
  163  12:14  Photon Cannon  
  163  12:16  Photon Cannon  
  163  12:18  Pylon  
  163  12:20  Shield Battery  
  163  12:21  Zealot x3  
  169  12:22  Zealot  
  169  12:33  Forge  
  163  12:40  Zealot x8  
  159  12:52  Zealot x2  
  159  12:53  Zealot x2  
  161  13:03  Zealot x7  
  157  13:10  Zealot  
  153  13:16  Zealot x4  
  147  13:26  Zealot x3  
  147  13:27  Zealot x3  
  127  13:30  Zealot  
  119  13:34  Zealot  
Tags
 
Add a new tag
Caveats
  • Supply blocks, unpowered buildings, or Contaminate may cause inaccurate times.
  • Supply counts are checked every 10 seconds.